 Dungeon Crawl Stone Soup version 0.27-a0-333-gfa571bf19a (webtiles) character file.

Game seed: 7472574723169549178

22 inc the Vexing (level 2, -1/11 HPs)
             Began as a Felid Enchanter on Feb 13, 2021.
             Slain by a howler monkey (5 damage)
             ... on level 2 of the Dungeon.
             The game lasted 00:01:19 (1086 turns).

inc the Vexing (Felid Enchanter)                    Turns: 1086, Time: 00:01:20

Health: -1/11      AC:  1    Str:  4    XL:     2   Next: 68%
Magic:  2/6        EV: 18    Int: 16    God:
Gold:   59         SH:  0    Dex: 16    Spells: 2/5 levels left
                                        Lives:  0   Deaths: 0

rFire    . . .     SeeInvis +     - Unarmed
rCold    . . .     Faith    .   (shield unavailable)
rNeg     . . .     Spirit   .   (armour unavailable)
rPois    .         Reflect  .   (helmet unavailable)
rElec    .         Harm     .   (cloak unavailable)
rCorr    .         Rampage  .   (gloves unavailable)
Will     .....                  (boots unavailable)
Stlth    +++.......             (no amulet)
HPRegen  0.03/turn              (no ring)
MPRegen  0.10/turn              (no ring)

@: quick
A: very small, no armour, no weapons or thrown items, stealth, claws 1, fangs 3,
see invisible, speed 1, shaggy fur 1, sharp paws
a: no special abilities


You were on level 2 of the Dungeon.
You visited 1 branch of the dungeon, and saw 2 of its levels.

You collected 59 gold pieces.

Inventory:

Scrolls
 a - 3 scrolls of amnesia {unknown}
 d - a scroll of identify {unknown}
 e - a scroll of immolation {unknown}
 f - a scroll of magic mapping {unknown}
 i - a scroll of enchant weapon {unknown}
Potions
 b - a potion of heal wounds {unknown}
 c - 5 potions of curing {unknown}
 g - a potion of degeneration {unknown}
 h - a potion of brilliance {unknown}


   Skills:
 - Level 2.6 Dodging
 - Level 4.0 Stealth
 - Level 1.0 Unarmed Combat
 - Level 2.0 Spellcasting
 + Level 5.9 Hexes


You had 2 spell levels left.
You knew the following spells:

 Your Spells              Type           Power        Failure   Level
a - Corona                Hex            22%          1%          1
b - Ensorcelled Hibernat  Hex/Ice        22%          10%         2

Your spell library contained the following spells:

 Spells                   Type           Power        Failure   Level
 Confusing Touch          Hex            20%          5%          3
 Tukima's Dance           Hex            20%          5%          3
 Dazzling Flash           Conj/Hex       22%          19%         3


Dungeon Overview and Level Annotations

Branches:
Dungeon (2/15)

Altars:
Nemelex Xobeh


Innate Abilities, Weirdness & Mutations

You cannot wear armour.
You are incapable of wielding weapons or throwing items.
Your paws allow you to move quietly. (Stealth)
You have sharp claws.
You have razor-sharp teeth.
You have supernaturally acute eyesight. (SInv)
You cover ground quickly.
You are covered in fur. (AC +1)
Your sharp claws are effective at attacking unaware monsters.


Message History

A quokka comes into view.
Found a scroll labelled ELAH MIRHOWI.
Found an escape hatch in the floor.
You scratch the howler monkey.
The howler monkey is moderately wounded.
The howler monkey hits you.
Ouch! That really hurt!
The howler monkey hoots and howls with incredible vigour!
You are too injured to fight recklessly!
You are too injured to fight recklessly!
You are too injured to fight recklessly!
Unknown command.
You are too injured to fight recklessly!
You are too injured to fight recklessly!
There is an open door here.
The howler monkey hoots and howls with incredible vigour!
You close the door.
Memorise Ensorcelled Hibernation, consuming 2 spell levels and leaving 2? [Y]es or [N]o only, please.
Memorise Ensorcelled Hibernation, consuming 2 spell levels and leaving 2?
You start memorising the spell.
You continue memorising.
The howler monkey misses you.
You continue memorising.
The howler monkey hoots and howls with incredible vigour!
You finish memorising.
Spell assigned to 'b'.
Casting: Corona (safe; 1% risk of failure)
Confirm with . or Enter, or press ? or * to list all spells.
Aiming: Ensorcelled Hibernation (safe; 10% risk of failure)
Press: ? - help, Shift-Dir - straight line, f - howler monkey
Aim: a howler monkey (moderately wounded, catching its breath, chance to affect: 50%)
The howler monkey resists with some effort.
The howler monkey misses you.
Unknown command.
Casting: Ensorcelled Hibernation (safe; 10% risk of failure)
Confirm with . or Enter, or press ? or * to list all spells.
Aiming: Ensorcelled Hibernation (safe; 10% risk of failure)
Press: ? - help, Shift-Dir - straight line, f/p - howler monkey
Aim: a howler monkey (moderately wounded, chance to affect: 50%)
The howler monkey resists with some effort.
The howler monkey closely misses you. The howler monkey hits you.
You die...

#### ...# #+#..# ##
##.##..## ##.
##.).##..# ##⌠.
##.....##.##########
#.._
+...⌠.†rh..........#
#.⌠.
###...###@########.#
#.#. #..? #.# #.#
#... #.>. #.# #.#
##.. #... ... #.#
#.# #.r. #..
#.#####.. ..⌠. ...#
#........ #..#
#######.. #..#
........# #########


You could see a howler monkey and a quokka.

Vanquished Creatures
  A dart slug (D:2)
  7 bats
  A giant cockroach (D:1)
  3 hobgoblins (D:1)
  3 frilled lizards (D:1)
  A goblin (D:1)
  2 kobolds (D:1)
  2 rats
20 creatures vanquished.

Notes
Turn   | Place    | Note
-------+----------+-------------------------------------------
     0 | D:1      | inc the Felid Enchanter began the quest for the Orb.
     0 | D:1      | Reached XP level 1. HP: 7/7 MP: 4/4
   163 | D:1      | Reached skill level 5 in Hexes
   460 | D:1      | Reached XP level 2. HP: 11/11 MP: 6/6
  1009 | D:2      | Found a sparkling altar of Nemelex Xobeh.
  1070 | D:2      | Noticed a howler monkey
  1085 | D:2      | Learned a level 2 spell: Ensorcelled Hibernation
  1086 | D:2      | Slain by a howler monkey

Illustrated notes

Levels and vault maps discovered:
D:1:      lemuel_arrival_cross, layout_basic
D:2:      layout_loops_ring, nemelex_xobeh_ov_fountains_minmay,
          grunt_ministairs_15, eino_curves_04

Skill      XL: |  1 |
---------------+----+-----
Hexes          | 5 |  5.9
Dodging        | |  2.6
Stealth        | |  4.0
Unarmed Combat | |  1.0
Spellcasting   | |  2.0

Action                   || total
-------------------------++-------
Melee: Unarmed           ||    48
       Bite              ||     4
 Cast: Corona            ||     2
       Ensorcelled Hiber ||     2
 Stab: Sleeping          ||    12
Armor: Skin              ||     6
Dodge: Dodged            ||    41

Table legend: (Time is in decaauts)
 A = Elapsed time spent in this place.
 B = Non-inter-level travel time spent in this place.
 C = Inter-level travel time spent in this place.
 D = Time resting spent in this place.
 E = Time spent auto-exploring this place.
 F = Levels seen in this place.
 G = Mean time per level.
                   A        B        C        D        E       F      G
               +--------+--------+--------+--------+--------+-----+--------+
         Total |    919 |    906 |     13 |    100 |    653 |   2 |  459.5 |
       Dungeon |    919 |    906 |     13 |    100 |    653 |   2 |  459.5 |
               +--------+--------+--------+--------+--------+-----+--------+

Top non-repeatable levels by time:
     D:1: 766 daAuts
     D:2: 152 daAuts
